 Dungeon Crawl Stone Soup version 0.28-a0-796-gd4f0d3f9b2 (webtiles) character file.

Game seed: 14239485584260242385

109 Conn the Firebug (level 4, -4/27 HPs)
             Began as an Octopode Fire Elementalist on Nov 6, 2021.
             Slain by a gnoll (8 damage)
             ... on level 3 of the Dungeon.
             The game lasted 00:04:29 (2637 turns).

Conn the Firebug (Octopode Fire Elementalist)       Turns: 2637, Time: 00:04:29

Health: -4/27      AC:  1    Str:  7    XL:     4   Next: 89%
Magic:  2/8        EV: 13    Int: 18    God:
Gold:   42         SH:  0    Dex: 12    Spells: 7/8 levels left

rFire   . . .      SeeInvis .   d - +0 dagger
rCold   . . .      Faith    .   (no shield)
rNeg    . . .      Spirit   .   (helmet restricted)
rPois   .          Reflect  .   (no amulet)
rElec   .          Harm     .   b - ring of flight
rCorr   +          Rampage  .   l - ring of resist corrosion
Will    .....                   (no ring)
Stlth   +++.......              (no ring)
HPRegen 0.09/turn               (no ring)
MPRegen 0.11/turn               (no ring)
                                (no ring)
                                (no ring)

@: flying
A: almost no armour, amphibious, 8 rings, camouflage 1, gelatinous body 1,
(nimble swimmer 1), tentacles
a: no special abilities


You were on level 3 of the Dungeon.
You visited 1 branch of the dungeon, and saw 3 of its levels.

You collected 42 gold pieces.

Inventory:

Hand Weapons
 d - a +0 dagger (weapon)
Jewellery
 b - a ring of flight (left tentacle)
 l - a ring of resist corrosion (right tentacle)
Wands
 h - a wand of polymorph (4)
Scrolls
 c - a scroll of brand weapon {unknown}
 g - a scroll of blinking {unknown}
 j - a scroll of enchant armour {unknown}
Potions
 a - 2 potions of degeneration {unknown}
 e - a potion of curing {unknown}
 f - a potion of mutation {unknown}
 i - a potion of heal wounds {unknown}
 k - a potion of attraction {unknown}


   Skills:
 + Level 0.3 Fighting
 + Level 2.4 Dodging
 + Level 3.3 Stealth
 + Level 0.1 Unarmed Combat
 + Level 2.8 Spellcasting
 + Level 1.3 Conjurations
 + Level 4.2 Fire Magic


You had 7 spell levels left.
You knew the following spells:

 Your Spells              Type           Power      Damage    Failure   Level
a - Foxfire               Conj/Fire      48%        2x1d6     5%          1

Your spell library contained the following spells:

 Spells                   Type           Power      Damage    Failure   Level
 Scorch                   Fire           34%        2d7       4%          2
 Conjure Flame            Conj/Fire      12%        6-21      16%         3
 Summon Small Mammal      Summ           8%         N/A       17%         1
 Inner Flame              Hex/Fire       10%        N/A       22%         3
 Sublimation of Blood     Necr           2%         N/A       26%         2
 Wereblood                Tmut           2%         N/A       26%         2
 Call Canine Familiar     Summ           2%         N/A       45%         3
 Summon Guardian Golem    Hex/Summ       2%         N/A       45%         3
 Flame Wave               Conj/Fire      12%        3d4       47%         4
 Summon Hydra             Summ           1%         N/A       100%        7
 Chain Lightning          Conj/Air       2%         3d3       100%        9
 Fire Storm               Conj/Fire      6%         8d2       100%        9
 Shatter                  Erth           1%         3d5*      100%        9


Dungeon Overview and Level Annotations

Branches:
Dungeon (3/15)

Altars:
Fedhas

Shops:
D:1 !   D:2 [


Innate Abilities, Weirdness & Mutations

You cannot wear most types of armour.
You are amphibious.
You can wear up to eight rings at the same time.
Your skin changes colour to match your surroundings (Stealth+).
Your rubbery body absorbs attacks. (AC +1, EV +1)
((You are camouflaged near water. (Stealth+)))
You have tentacles for arms and can constrict up to eight enemies at once.


Message History

Casting: Foxfire (safe; 5% risk of failure)
Confirm with . or Enter, or press ? or * to list all spells.
You conjure some foxfire!
The gnoll barely misses you.
Casting: Foxfire (safe; 5% risk of failure)
Confirm with . or Enter, or press ? or * to list all spells.
You conjure some foxfire!
The gnoll hits you with a +0 flail!
The foxfire hits the gnoll.
The gnoll is moderately wounded.
The foxfire hits the gnoll.
The gnoll is heavily wounded.
The foxfire hits the gnoll.
The gnoll is severely wounded.
The foxfire hits the gnoll.
The gnoll is almost dead.
You barely miss the gnoll.
The gnoll shouts!
You grab the gnoll.
The gnoll is almost dead.
You constrict the gnoll, but do no damage.
The gnoll completely misses you.
You hit the gnoll but do no damage.
The gnoll is almost dead.
You constrict the gnoll. The gnoll hits you with a +0 flail!
* * * LOW HITPOINT WARNING * * *
Unknown command.
You release your grip on the gnoll.
Found a leather armour.
The jackal misses you.
You see here a +0 leather armour.
Okay, then.
Casting: Foxfire (safe; 5% risk of failure)
Confirm with . or Enter, or press ? or * to list all spells.
Okay, then.
Okay, then.
Okay, then.
You barely miss the gnoll. You grab the gnoll. Your squeeze misses the gnoll.
The gnoll is almost dead.
You constrict the gnoll, but do no damage.
The gnoll hits you with a +0 flail!
You die...

........###..###.....#
#..##....#..##....g..#
...g.......#...#hg...#
###..........###.#####
#....##..##...#h#
......###......#.#
......# .......#h#
.#......##.#..(#g#
....#### .#####@#
..#.# .. #.....# ...
#.....# ... #.....#
#.....# #.....#
#.....# #.....#


You could see 2 gnolls and 3 jackals.

Vanquished Creatures
  4 adders (D:2)
  An ufetubus (D:3)
  A worm (D:2)
  5 bats
  4 endoplasms
  3 giant cockroaches
  5 goblins
  4 hobgoblins
  11 jackals
  6 quokkas
  5 ball pythons
  2 frilled lizards
  3 kobolds
  5 rats
59 creatures vanquished.

Vanquished Creatures (others)
  162 foxfires
162 creatures vanquished.

Grand Total: 221 creatures vanquished

Notes
Turn   | Place    | Note
-------+----------+-------------------------------------------
     0 | D:1      | Conn the Octopode Fire Elementalist began the quest for the
                  | Orb.
     0 | D:1      | Reached XP level 1. HP: 11/11 MP: 3/3
   318 | D:1      | Reached XP level 2. HP: 17/17 MP: 3/5
   655 | D:1      | Found a faded altar of an unknown god.
   684 | D:1      | Found Uqurinly's Distillery.
   821 | D:1      | Reached XP level 3. HP: 15/21 MP: 1/6
  1614 | D:2      | Reached XP level 4. HP: 22/27 MP: 0/7
  1811 | D:2      | Found a blossoming altar of Fedhas.
  1925 | D:2      | Found Uhadde's Armour Shoppe.
  2038 | D:2      | Reached skill level 4 in Fire Magic
  2637 | D:3      | Slain by a gnoll

Illustrated notes

Levels and vault maps discovered:
D:1:      onia_arrival_mini_spirals, layout_loops_ring,
          chequers_ecumenical_altar_simple, serial_shops, nicolae_diamond_shop,
          minivault_19, bh_walls_and_bars
D:2:      layout_basic, serial_shops, shop, basic_altar, item_on_display_a
D:3:      layout_rooms, uniq_robin

Skill      XL: |  1  2  3  4 |
---------------+-------------+-----
Stealth        | 3 |  3.3
Fire Magic     | 4 |  4.2
Fighting       | |  0.3
Dodging        | |  2.4
Unarmed Combat | |  0.1
Spellcasting   | |  2.8
Conjurations   | |  1.3

Action                   |  1- 3 |  4- 6 || total
-------------------------+-------+-------++-------
Melee: Unarmed           |    12 |       ||    12
       Constrict         |    10 |     5 ||    15
       Dagger            |    20 |    13 ||    33
       Tentacles         |     3 |     1 ||     4
 Cast: Foxfire           |    60 |    35 ||    95
 Stab: Sleeping          |     2 |       ||     2
Armor: Skin              |     6 |     3 ||     9
Dodge: Dodged            |    36 |    30 ||    66

Table legend: (Time is in decaauts)
 A = Elapsed time spent in this place.
 B = Non-inter-level travel time spent in this place.
 C = Inter-level travel time spent in this place.
 D = Time resting spent in this place.
 E = Time spent auto-exploring this place.
 F = Levels seen in this place.
 G = Mean time per level.
                   A        B        C        D        E       F      G
               +--------+--------+--------+--------+--------+-----+--------+
         Total |   2635 |   2601 |     34 |      0 |   2069 |   3 |  878.3 |
       Dungeon |   2635 |   2601 |     34 |      0 |   2069 |   3 |  878.3 |
               +--------+--------+--------+--------+--------+-----+--------+

Top non-repeatable levels by time:
     D:1: 1384 daAuts
     D:2: 1151 daAuts
     D:3: 99 daAuts
